 Dungeon Crawl Stone Soup version 0.28-a0-43-g560ac104fe (webtiles) character file.

Game seed: 9963419468193107253

16292 MacCMillion the Destroyer (level 12, -1/100 HPs)
             Began as a Gargoyle Ice Elementalist on July 28, 2021.
             Was a High Priest of Hepliaklqana.
             Slain by a reaper (21 damage)
             ... in a Gauntlet on July 29, 2021.
             The game lasted 01:07:42 (15147 turns).

MacCMillion the Destroyer (GrIE)                   Turns: 15147, Time: 01:07:43

Health: -1/100     AC: 26    Str: 13    XL:     12   Next: 36%
Magic:  23/27      EV:  2    Int: 20    God:    Hepliaklqana [*****.]
Gold:   610        SH:  0    Dex: 10    Spells: 11/19 levels left

rFire   . . .      SeeInvis .   H - +4 trident
rCold   . . .      Faith    .   (no shield)
rNeg    + + +      Spirit   .   (armour currently unavailable)
rPois   ∞          Reflect  .   (helmet currently unavailable)
rElec   .          Harm     .   (cloak currently unavailable)
rCorr   .          Rampage  .   (gloves currently unavailable)
Will    +....      NoTele   +   (boots currently unavailable)
Stlth   ++........              (no amulet)
HPRegen 0.26/turn               y - ring of magical power
MPRegen 0.20/turn               J - ring of willpower

@: tree-form, freezing walls
A: stationary, stasis, torment immunity, boosted hp, reduced essence, sickness
immunity, AC +8, negative energy resistance 1, (electricity resistance), torment
resistance 1, petrification resistance
a: Renounce Religion, Recall Ancestor, Ancestor Identity, Transference, Idealise


You were in a Gauntlet.
You worshipped Hepliaklqana.
Hepliaklqana was extremely pleased with you.
You were a tree.
You visited 3 branches of the dungeon, and saw 13 of its levels.
You also visited: Gauntlet.

You collected 610 gold pieces.

Inventory:

Hand Weapons
 b - a +2 spear
 c - a +0 short sword
 h - a +2 vorpal spear
 o - a +1 war axe of freezing
 v - a +2 short sword of electrocution
 H - a +4 trident (weapon)
Armour
 g - a +0 pair of boots (melded)
 u - a +0 leather armour (melded)
 w - a +0 pair of gloves (melded)
 x - a +0 cloak (melded)
 z - a +0 ring mail
 M - a +2 helmet (melded)
 Q - the +0 cloak "Bihauh" {*Corrode Regen+ Dex+3}
   (You found it on level 10 of the Dungeon)

   Dex:       It affects your dexterity (+3).
   Regen:     It increases your rate of health regeneration.
   *Corrode:  It may corrode you when you take damage.
Magical Staves
 S - a staff of earth
Jewellery
 r - a ring of flight
 t - a ring of protection from cold
 y - a ring of magical power (left branch)
 J - a ring of willpower (right branch)
 U - the ring of Entrepreneurial Spirit {Fly rPois rC+}
   (You found it in a Gauntlet)

   [ring of protection from cold]

   rC:        It protects you from cold.
   rPois:     It protects you from poison.
   Fly:       It grants you flight.
Wands
 D - a wand of digging (12)
 R - a wand of flame (20)
Scrolls
 a - a scroll of noise {unknown}
 f - a scroll of amnesia {unknown}
 i - 3 scrolls of immolation {unknown}
 j - 2 scrolls of fear {unknown}
 k - a scroll of magic mapping {unknown}
 n - a scroll of fog {unknown}
 p - 2 scrolls of blinking {unknown}
 A - 3 scrolls of enchant armour {unknown}
 B - 2 scrolls of enchant weapon {unknown}
 P - a scroll of holy word {unknown}
 T - 2 scrolls of vulnerability {unknown}
Potions
 d - 6 potions of curing
 e - 6 potions of mutation
 l - 2 potions of attraction
 m - 3 potions of heal wounds {unknown}
 q - 2 potions of berserk rage
 s - 3 potions of lignification
 C - a potion of flight {unknown}
 E - 2 potions of haste {unknown}
 F - 2 potions of ambrosia {unknown}
 G - 3 potions of degeneration {unknown}
 K - 3 potions of brilliance {unknown}
 L - 2 potions of might {unknown}
 O - a potion of invisibility {unknown}
Miscellaneous
 I - a piece from Xom's chessboard (15/15)
 N - a tin of tremorstones (2/2)


   Skills:
 + Level 8.4 Fighting
 - Level 5.0 Polearms
 - Level 7.0 Armour
 - Level 1.5 Dodging
 - Level 2.1 Stealth
 - Level 4.0 Spellcasting
 * Level 12.8 Conjurations
 - Level 11.0 Ice Magic


You had 11 spell levels left.
You knew the following spells:

 Your Spells              Type           Power      Damage    Failure   Level
a - Freeze                Ice            100%       1d11      1%          1
b - Frozen Ramparts       Ice            96%        1d11      1%          3
c - Hailstorm             Conj/Ice       51%        3d11      1%          4

Your spell library contained the following spells:

 Spells                   Type           Power      Damage    Failure   Level
 Foxfire                  Conj/Fire      100%       2x1d9     1%          1
 Ensorcelled Hibernation  Hex/Ice        52%        N/A       1%          2
 Ozocubu's Armour         Ice            48%        N/A       1%          3
 Conjure Flame            Conj/Fire      29%        6-21      2%          3
 Corona                   Hex            4%         N/A       13%         1
 Summon Small Mammal      Summ           16%        N/A       13%         1
 Slow                     Hex            4%         N/A       19%         2
 Lightning Bolt           Conj/Air       14%        1d28      26%         5
 Call Canine Familiar     Summ           4%         N/A       36%         3
 Confusing Touch          Hex            4%         N/A       36%         3
 Inner Flame              Hex/Fire       4%         N/A       36%         3
 Summon Guardian Golem    Hex/Summ       4%         N/A       36%         3
 Tukima's Dance           Hex            4%         N/A       36%         3
 Vampiric Draining        Necr           2%         2d6       36%         3
 Orb of Destruction       Conj           26%        9d11      50%         7
 Airstrike                Air            2%         N/A       77%         4
 Summon Lightning Spire   Summ/Air       4%         N/A       77%         4
 Spellforged Servitor     Conj/Summ      14%        N/A       100%        7


Dungeon Overview and Level Annotations

Branches:
Dungeon (10/15)            Temple (1/1) D:4            Lair (2/6) D:8
Gauntlet (1/1)
  Swamp: Lair:2-4    Shoals: Lair:2-4     Snake: Lair:2-4    Spider: Lair:2-4
    Orc: D:9-12

Altars:
Ashenzari
Cheibriados
Dithmenos
Elyvilon
Fedhas
Gozag
Hepliaklqana
Kikubaaqudgha
Makhleb
Nemelex Xobeh
Okawaru
Qazlal
Ru
Sif Muna
Trog
Uskayaw
Vehumet
Wu Jian
Xom
Yredelemnul
Zin
The Shining One

Annotations:
D:3 2 runed translucent doors, Tutankhamun's ghost, amateur PaFi Gauntlet 9 transporters


Innate Abilities, Weirdness & Mutations

You are a tree.
Your roots penetrate the ground, keeping you stationary.
You cannot be teleported.
You are immune to unholy pain and torment.
Your maximum health is greatly increased.
Your equipment is partially melded.
Your life essence is reduced to manifest your ancestor. (-10% HP)
You are immune to sickness and miasma.
((Your stone body is resilient. (AC +8)))
You are immune to poison.
You resist negative energy. (rN+)
((You are resistant to electric shocks. (rElec)))
You are resistant to unholy torment.
You are immune to petrification.


Message History

You turn into a tree.
Your +0 cloak melds into your body.
Your +2 helmet melds into your body.
Your +0 pair of gloves melds into your body.
Your +0 pair of boots melds into your body.
Your +0 leather armour melds into your body.
Your roots penetrate the ground.
The reaper resists.
The wall freezes the reaper.
The reaper hits you with a +0 scythe of venom!!
Aiming: Freeze (safe; 1% risk of failure)
Press: ? - help, Q - select action, (/) - cycle Shift-Dir - straight line, f - reaper
Aim: a reaper, wielding a +0 scythe of venom (lightly wounded, ally target)
You freeze the reaper but do no damage.
The reaper completely resists.
The reaper completely resists.
The wall freezes the reaper but does no damage.
The reaper hits you with a +0 scythe of venom!!
Aiming: Freeze (safe; 1% risk of failure)
Press: ? - help, Q - select action, (/) - cycle Shift-Dir - straight line, f/p - reaper
Aim: a reaper, wielding a +0 scythe of venom (lightly wounded, ally target)
You freeze the reaper.
The reaper resists.
The reaper is lightly wounded.
The reaper resists.
The wall freezes the reaper.
The reaper hits you with a +0 scythe of venom!!
You are too injured to fight recklessly!
You are too injured to fight recklessly!
You hit the reaper.
The reaper is lightly wounded.
The reaper resists.
The wall freezes the reaper.
The reaper hits you with a +0 scythe of venom!!
* * * LOW HITPOINT WARNING * * *
Paullus hits the reaper but does no damage.
Unknown command.
You closely miss the reaper.
The reaper is lightly wounded.
The reaper resists.
The wall freezes the reaper.
The reaper hits you with a +0 scythe of venom.
* * * LOW HITPOINT WARNING * * *
Paullus hits the reaper but does no damage.
You feel better.
The reaper resists.
The wall freezes the reaper.
The reaper hits you with a +0 scythe of venom!!
You die...

≈≈≈#..♣P......♣..#≈≈≈#≈≈≈#≈≈≈#≈≈≈
..........∩....P...............≈#
♣...♣..........P♣P..♣..P♣P..♣..##
...............................≈#
.#########.#########.#########.≈≈
.##4#2#2##.#.#$©?..#.#.Y[©|!.#.≈#
.#4#$#=#.#.#.#.=##.#.#...8...#.##
.##.#.#.##.#..##..##.#8.8.8.8#.≈#
.#.#©#.#.#.##..©♣R##.##8.©.8##.≈≈
.##.#.#.##.##..##2.#.#8Y8.8.8#.≈#
.#.#.#.#4#.#.##..#.#.#wY.8...#.##
.##.#.#.##.#....5#.#.#Y.8#8..#.≈#
##########.###################.≈≈
© ..©#.......#©....©....©#....≈#
# ####...♣...#############.♣P.##
© .#.......P...##..©..##....P.≈#
.. .#..P#≈#≈#...##..###.#.♣PPP.≈≈


You could see the friendly Paullus the knight, 3 death yaks, a reaper (ally
target), a torpor snail and a shadow imp.

Vanquished Creatures
  Erolcha (D:9)
  Erica (D:9)
  A two-headed ogre (D:8)
  A soul eater (Gauntlet)
  3 cane toads
  2 komodo dragons (Lair:1)
  3 blink frogs (Lair:1)
  3 slime creatures (Gauntlet)
  2 wyverns (Lair:1)
  4 yaks (D:8)
  A basilisk (Lair:1)
  5 vampire mosquitoes
  2 swamp worms (D:7)
  4 water moccasins
  4 orc warriors
  4 ice beasts
  A black bear (Lair:1)
  2 necrophages
  2 wolves
  2 ogres
  A centaur (D:8)
  A lemure (D:9)
  A kobold brigand (D:7)
  3 bullfrogs
  3 scorpions
  16 killer bees
  A howler monkey (D:10)
  A wight (D:7)
  2 centaur zombies (D:7)
  2 bullfrog zombies (D:7)
  An iron imp (D:8)
  5 jellies
  An orc priest (D:6)
  4 hounds
  A bullfrog skeleton (D:5)
  A centaur skeleton (D:6)
  Ijyb (D:4)
  A gnoll shaman (D:4)
  2 iguanas
  6 orc wizards
  A killer bee zombie (D:6)
  A hound zombie (D:5)
  A howler monkey skeleton (D:4)
  A howler monkey zombie (D:7)
  3 gnolls (D:4)
  6 adders
  3 shadow imps
  A white imp (D:6)
  2 ufetubi
  A worm (D:2)
  3 dart slugs
  21 orcs
  3 bats
  7 endoplasms
  3 giant cockroaches
  7 goblins
  4 hobgoblins
  7 jackals
  4 quokkas
  8 ball pythons
  4 frilled lizards
  14 kobolds
  4 rats
211 creatures vanquished.

Vanquished Creatures (collateral kills)
  Nergalle (Lair:1)
  Pikel (D:9)
  A cane toad (Lair:1)
  A troll (D:9)
  3 blink frogs (Lair:1)
  6 yaks
  Grum (D:8)
  A steam dragon (D:7)
  Menkaure (D:7)
  2 vampire mosquitoes (D:10)
  A swamp worm (D:7)
  A water moccasin (Lair:1)
  2 orc warriors
  An ice beast (D:7)
  A sky beast (D:8)
  A necrophage (D:7)
  3 wolves
  A kobold brigand (D:9)
  A bullfrog (D:9)
  2 wyvern zombies (D:7)
  2 killer bees
  A howler monkey (D:10)
  2 wights (D:7)
  A centaur zombie (D:7)
  A centaur skeleton (D:7)
  2 orc priests
  A human zombie (D:7)
  5 orc wizards
  A howler monkey zombie (D:10)
  A howler monkey skeleton (D:7)
  3 shadow imps (Gauntlet)
  2 white imps (D:7)
  6 orcs
  2 kobolds (D:7)
62 creatures vanquished.

Vanquished Creatures (others)
  4 knights
  An ancestor (D:6)
  A demonic plant (Gauntlet)
  17 plants
23 creatures vanquished.

Grand Total: 296 creatures vanquished

Notes
Turn   | Place    | Note
-------+----------+-------------------------------------------
     0 | D:1      | MacCMillion the Gargoyle Ice Elementalist began the quest
                  | for the Orb.
     0 | D:1      | Reached XP level 1. HP: 10/10 MP: 3/3
   209 | D:1      | Reached XP level 2. HP: 15/15 MP: 3/5
   763 | D:1      | Reached XP level 3. HP: 19/19 MP: 2/6
   863 | D:1      | Reached skill level 5 in Ice Magic
   907 | D:1      | Found a faded altar of an unknown god.
  1401 | D:2      | Reached XP level 4. HP: 23/24 MP: 5/7
  1426 | D:2      | Learned a level 3 spell: Frozen Ramparts
  1879 | D:3      | Found a large runed translucent door.
  1879 | D:3      | Found a large runed translucent door.
  2459 | D:3      | Noticed Tutankhamun's ghost (amateur PaFi)
  2832 | D:4      | Reached XP level 5. HP: 28/28 MP: 3/8
  3237 | D:4      | Reached XP level 6. HP: 33/33 MP: 3/9
  3340 | D:4      | Found a staircase to the Ecumenical Temple.
  3351 | Temple   | Entered the Ecumenical Temple
  3598 | Temple   | Became a worshipper of Hepliaklqana the Forgotten
  3797 | D:4      | Reached skill level 1 in Fighting
  3950 | D:4      | Noticed Ijyb
  4348 | D:4      | Reached XP level 7. HP: 44/44 MP: 1/10
  4676 | D:4      | Killed Ijyb
  4822 | D:5      | Entered Level 5 of the Dungeon
  4896 | D:5      | Reached skill level 5 in Fighting
  5096 | D:5      | Reached skill level 1 in Armour
  5822 | D:6      | Reached XP level 8. HP: 49/49 MP: 8/11
  5954 | D:6      | Reached * piety under Hepliaklqana
  5960 | D:6      | Learned a level 4 spell: Hailstorm
  6035 | D:6      | Reached skill level 1 in Conjurations
  6108 | D:6      | Found an iron altar of Okawaru.
  6109 | D:6      | Found a shimmering blue altar of Sif Muna.
  6113 | D:6      | Found a shadowy altar of Dithmenos.
  6114 | D:6      | Found a glowing golden altar of the Shining One.
  6114 | D:6      | Found a hide-covered altar of Uskayaw.
  6116 | D:6      | Found a sacrificial altar of Ru.
  6128 | D:6      | Reached skill level 2 in Conjurations
  6164 | D:6      | Found a white marble altar of Elyvilon.
  6385 | D:6      | Reached skill level 3 in Conjurations
  6830 | D:7      | Reached skill level 4 in Conjurations
  6830 | D:7      | Reached XP level 9. HP: 41/49 MP: 12/12
  6917 | D:7      | Reached skill level 5 in Armour
  7254 | D:7      | Reached ** piety under Hepliaklqana
  7255 | D:7      | Remembered your ancestor Paullus as a knight
  7299 | D:7      | Reached skill level 5 in Conjurations
  7377 | D:7      | Noticed Menkaure
  7387 | D:7      | Killed Menkaure
  8280 | D:7      | Found an ancient bone altar of Kikubaaqudgha.
  8376 | D:7      | Reached skill level 1 in Polearms
  8376 | D:7      | Reached skill level 6 in Conjurations
  8465 | D:8      | Reached XP level 10. HP: 56/56 MP: 13/13
  8533 | D:8      | Found an opulent altar of Gozag.
  8543 | D:8      | Noticed a two-headed ogre
  8557 | D:8      | Found a staircase to the Lair.
  8566 | D:8      | Killed a two-headed ogre
  8567 | D:8      | Reached skill level 10 in Ice Magic
  9565 | D:8      | Reached skill level 7 in Conjurations
  9810 | D:8      | Found a broken altar of Ashenzari.
  9963 | D:8      | Found a snail-covered altar of Cheibriados.
 10005 | D:8      | Reached *** piety under Hepliaklqana
 10101 | D:8      | Noticed Grum
 10106 | D:8      | Killed Grum
 10241 | D:9      | Noticed Pikel
 10248 | D:9      | Killed Pikel
 10271 | D:9      | Reached skill level 5 in Polearms
 10345 | D:9      | Reached XP level 11. HP: 56/60 MP: 14/14
 10549 | D:9      | Found a burning altar of Makhleb.
 10779 | D:9      | Noticed Erolcha
 10791 | D:9      | Noticed Erica
 11217 | D:9      | Killed Erolcha
 11218 | D:9      | Reached skill level 8 in Conjurations
 11717 | D:9      | Killed Erica
 11799 | D:10     | Entered Level 10 of the Dungeon
 11809 | D:9      | Reached skill level 9 in Conjurations
 12186 | D:10     | Reached **** piety under Hepliaklqana
 12268 | D:10     | Reached skill level 10 in Conjurations
 12455 | D:10     | Identified the +0 cloak "Bihauh" {*Corrode Regen+ Dex+3}
 12835 | Lair:1   | Entered Level 1 of the Lair of Beasts
 13137 | Lair:1   | Reached skill level 11 in Conjurations
 13339 | Lair:1   | Noticed Nergalle
 13351 | Lair:1   | Killed Nergalle
 13352 | Lair:1   | Reached XP level 12. HP: 45/64 MP: 18/18
 13540 | Lair:1   | Reached ***** piety under Hepliaklqana
 13580 | Lair:1   | Reached skill level 12 in Conjurations
 14187 | Lair:2   | Found a gate leading to a gauntlet.
 14197 | Gauntlet | Entered a Gauntlet
 14197 | Gauntlet | Found a transporter.
 14207 | Gauntlet | Found a transporter.
 14209 | Gauntlet | Found a transporter.
 14215 | Gauntlet | Noticed a soul eater
 14220 | Gauntlet | Found a transporter.
 14223 | Gauntlet | Found a transporter.
 14227 | Gauntlet | Noticed a death yak
 14227 | Gauntlet | Noticed a death yak
 14228 | Gauntlet | Noticed a death yak
 14234 | Gauntlet | Found a transporter.
 14249 | Gauntlet | Noticed a reaper
 14250 | Gauntlet | Found a transporter.
 14263 | Gauntlet | Found a transporter.
 14270 | Gauntlet | Noticed a green death
 14274 | Gauntlet | Found a transporter.
 14274 | Gauntlet | Noticed a large abomination
 14294 | Gauntlet | Found a transporter.
 14303 | Gauntlet | Noticed a soul eater
 14304 | Gauntlet | Found a transporter.
 14304 | Gauntlet | Found a transporter.
 14358 | Gauntlet | Found a transporter.
 14358 | Gauntlet | Found a transporter.
 14649 | Gauntlet | HP: 1/65 [large slime creature (27)]
 15033 | Gauntlet | Killed a soul eater
 15122 | Gauntlet | Identified the ring of Entrepreneurial Spirit {Fly rPois
                  | rC+}
 15147 | Gauntlet | Slain by a reaper

Illustrated notes

Levels and vault maps discovered:
D:1:      minmay_arrival_shattered_statue, layout_rooms,
          hellmonk_ecumenical_altar_heavens_door, serial_forest,
          infiniplex_forest_clump_tiny, infiniplex_forest_end_3,
          infiniplex_forest_clump_cross, infiniplex_forest_lined_corner,
          infiniplex_forest_end_1, infiniplex_forest_clump_large,
          infiniplex_forest_fountain, infiniplex_forest_3_way,
          minmay_indecisive_spiral
D:2:      layout_loops_ring, minmay_misc_feat_chi
D:3:      layout_basic, ebering_ghost_disaster_area
D:4:      layout_loops_corners, minmay_temple_entry_stoned_glass, serial_forest,
          infiniplex_forest_clump_curved, infiniplex_forest_clump_curved,
          infiniplex_forest_clump_tiny, infiniplex_forest_clump_curved,
          infiniplex_forest_end_2, infiniplex_forest_lined_room_,
          infiniplex_forest_lined_ring, infiniplex_forest_lined_2,
          kennysheep_cluttered_room, uniq_ijyb
D:5:      layout_basic, lemuel_another_geyser
D:6:      layout_basic, grunt_temple_overflow_open, elyvilon_altar_1,
          grunt_decor_one_mirror, uniq_eustachio, uniq_edmund
D:7:      layout_gridville, lemuel_mausoleum_altar_kikubaaqudgha, worms_lemuel,
          uniq_menkaure
D:8:      layout_layer_cave, chei_slow_surprise,
          mainiacjoe_overflow_small_starburst, kennysheep_mini_moat,
          lair_entry_dummy, st_stairs_13, uniq_grum
D:9:      layout_basic, nicolae_overflow_crystal_walls, uniq_erica, uniq_pikel,
          uniq_erolcha
D:10:     layout_basic, kennysheep_path_1
Temple:   jpeg_temple_alley_garden
Lair:1:   layout_chaotic_city, beast_lair_carwin_5, grunt_megastairs_1,
          uniq_nergalle
Lair:2:   layout_chaotic_city, gauntlet_entry_generic, serial_bayou_shore_b,
          uniq_sonja
Gauntlet: minmay_gauntlet_77_tree [minmay_gauntlet_arena_77_two_paths,
          minmay_gauntlet_arena_77_chump_sandwich,
          minmay_gauntlet_arena_77_mess,
          minmay_gauntlet_arena_77_tiled_triplets,
          minmay_gauntlet_arena_77_checkered, minmay_gauntlet_arena_77_squiggly,
          minmay_gauntlet_arena_77_terracotta_army,
          nicolae_gauntlet_exit_dead_adventurers]

Skill      XL: |  1  2  3  4  5  6  7  8  9 10 11 12 |
---------------+-------------------------------------+-----
Ice Magic      | 5 6 7 8 9 11 | 11.0
Fighting       | 4 5 7 8 |  8.4
Armour         | 3 4 6 7 |  7.0
Conjurations   | 4 6 7 11 12 | 12.8
Polearms       | 1 5 |  5.0
Spellcasting   | 4 |  4.0
Dodging        | |  1.5
Stealth        | |  2.1

Action                   |  1- 3 |  4- 6 |  7- 9 | 10-12 || total
-------------------------+-------+-------+-------+-------++-------
Melee: Short sword       |     6 |       |       |       ||     6
       Spear             |    25 |    56 |   164 |       ||   245
       Trident           |       |       |    17 |   115 ||   132
 Cast: Freeze            |    37 |    45 |    46 |   107 ||   235
       Frozen Ramparts   |       |     7 |    19 |    47 ||    73
       Hailstorm         |       |       |       |     2 ||     2
Invok: Ancestor Life: Kn |       |       |     1 |       ||     1
       Ancestor Identity |       |       |     1 |       ||     1
Evoke: Piece from Xom's  |       |       |       |     1 ||     1
  Use: Scroll            |       |       |     3 |     1 ||     4
       Potion            |       |       |       |     6 ||     6
 Stab: Sleeping          |     3 |     8 |     7 |       ||    18
       Distracted        |       |       |     2 |     1 ||     3
Armor: Robe              |    13 |     6 |       |       ||    19
       Leather armour    |       |     2 |   102 |   128 ||   232
       Skin              |       |       |       |     3 ||     3
Dodge: Dodged            |    17 |    21 |    95 |   131 ||   264

Table legend: (Time is in decaauts)
 A = Elapsed time spent in this place.
 B = Non-inter-level travel time spent in this place.
 C = Inter-level travel time spent in this place.
 D = Time resting spent in this place.
 E = Time spent auto-exploring this place.
 F = Levels seen in this place.
 G = Mean time per level.
                   A        B        C        D        E       F      G
               +--------+--------+--------+--------+--------+-----+--------+
         Total |  15216 |  14829 |    387 |   2316 |  10205 |  14 | 1086.9 |
       Dungeon |  12788 |  12469 |    319 |   1658 |   8927 |  10 | 1278.8 |
        Temple |    282 |    253 |     29 |      0 |    176 |   1 |  282.0 |
          Lair |   1196 |   1157 |     39 |    110 |    864 |   2 |  598.0 |
      Gauntlet |    950 |    950 |      0 |    548 |    238 |   1 |  950.0 |
               +--------+--------+--------+--------+--------+-----+--------+

Top non-repeatable levels by time:
     D:7: 2159 daAuts
     D:4: 1885 daAuts
     D:9: 1788 daAuts
     D:8: 1739 daAuts
  Lair:1: 1169 daAuts
     D:1: 988 daAuts
     D:5: 961 daAuts
Gauntlet: 950 daAuts
     D:2: 877 daAuts
    D:10: 811 daAuts
     D:3: 795 daAuts
     D:6: 779 daAuts
  Temple: 282 daAuts
  Lair:2: 26 daAuts
